 Seeded DCSS version 0.29.1-1-gd02db6906a (webtiles) character file.

Game seed: 17845553201672341576 (custom seed)

16 Iusername the Trooper (level 2, 27/27 HPs)
             Began as a Minotaur Fighter on Sept 22, 2022.
             Quit the game on level 1 of the Dungeon.
             The game lasted 00:00:37 (798 turns).

Iusername the Trooper (Minotaur Fighter)             Turns: 798, Time: 00:00:38

Health: 27/27      AC:  7    Str: 20    XL:     2   Next: 41%
Magic:  1/1        EV:  9    Int:  5    God:
Gold:   47         SH:  4    Dex:  9    Spells: 1/1 levels left

rFire   . . .      SeeInvis .   a - +0 trident
rCold   . . .      Faith    .   c - +0 buckler
rNeg    . . .      Spirit   .   b - +0 scale mail
rPois   .          Reflect  .   (helmet restricted)
rElec   .          Harm     .   (no cloak)
rCorr   .          Rampage  .   (no gloves)
Will    .....                   (no boots)
Stlth   ..........              (no amulet)
HPRegen 0.09/turn               (no ring)
MPRegen 0.07/turn               (no ring)

@: no status effects
A: horns 2, retaliatory headbutt
a: no special abilities


You were on level 1 of the Dungeon.
You visited 1 branch of the dungeon, and saw 1 of its levels.

You collected 47 gold pieces.

Inventory:

Hand Weapons
 a - a +0 trident (weapon)
Armour
 b - a +0 scale mail (worn)
 c - a +0 buckler (worn)
Scrolls
 e - 2 scrolls of identify {unknown}
 f - a scroll of torment {unknown}
 g - a scroll of fear {unknown}
 j - a scroll of acquirement
 k - a scroll of teleportation {unknown}
Potions
 d - a potion of might
 h - a potion of heal wounds {unknown}
 i - a potion of curing {unknown}


   Skills:
 + Level 4.0 Fighting
 + Level 2.6 Polearms
 + Level 3.9 Armour
 + Level 3.9 Shields


You had one spell level left.
You didn't know any spells.
Your spell library contained the following spells:

 Spells                   Type           Power      Damage    Failure   Level
 Necrotise                Necr           0%         1d4       89%         1
 Vampiric Draining        Necr           0%         2d6       99%         3
 Agony                    Necr           0%         N/A       100%        5


Dungeon Overview and Level Annotations

Branches:
Dungeon (1/15)

Altars:


Innate Abilities, Weirdness & Mutations

You have a pair of horns on your head.
You reflexively headbutt those who attack you in melee.


Message History

Unknown command.
There is an open door here.
Found a stone staircase leading down.
No target in view!
Unknown command.
There is a stone staircase leading down here.
A bat comes into view.
The bat hits you but does no damage.
Unknown command.
A bat is nearby!
You hit the bat.
You kill the bat!
Unknown command.
k - a scroll labelled UKKUON MUEJU No target in view!
Unknown command.
You open the door.
There is an open door here.
You see here a +0 robe.
There is an open door here.
You open the door.
Key pressed, stopping explore.
No target in view!
Unknown command.
There is an open door here.
Done exploring.
No target in view!
Unknown command.
Done exploring.
No target in view!
Unknown command.
Done exploring.
No target in view!
Unknown command.
Done exploring.
No target in view!
This is a scroll of acquirement!
Unknown command.
Unknown command.
Are you sure you want to abandon this character and quit the game? (Confirm with "yes".)

### ################.#
................@#
########.####....## #.#
#.....# ########.##
#.....##### ......#...#
#..)......######
......#...###..............#
......#..........)..#.#.####
......#..####.....#...#.####
...........>...............#


There were no monsters in sight!

Vanquished Creatures
  A ball python (D:1)
  2 bats (D:1)
  2 endoplasms (D:1)
  3 giant cockroaches (D:1)
  2 goblins (D:1)
  A frilled lizard (D:1)
  A kobold (D:1)
  2 rats (D:1)
14 creatures vanquished.

Notes
Turn   | Place    | Note
-------+----------+-------------------------------------------
     0 | D:1      | Iusername the Minotaur Fighter began the quest for the Orb.
     0 | D:1      | Reached XP level 1. HP: 19/19 MP: 0/0
   228 | D:1      | Reached XP level 2. HP: 25/27 MP: 1/1
   294 | D:1      | Found a faded altar of an unknown god.
   619 | D:1      | Reached skill level 4 in Fighting
   798 | D:1      | Identified a scroll of acquirement
   798 | D:1      | Quit the game

Illustrated notes

Levels and vault maps discovered:
D:1:      lordsloth_arrival_two_stooges, layout_basic,
          shapermc_ecumenical_altar_petra, dk_noncrumbling_4

Skill      XL: |  1  2 |
---------------+-------+-----
Fighting       | 4 |  4.0
Polearms       | |  2.6
Armour         | |  3.9
Shields        | |  3.9

Action                   || total
-------------------------++-------
Melee: Trident           ||    40
       Headbutt          ||     3
Armor: Scale mail        ||    13
Dodge: Dodged            ||    17
Block: Buckler           ||     6
